 Seeded DCSS version 0.31-a0-620-gd1cbd99268 (webtiles) character file.

Game seed: 12485923201681380469 (custom seed)

2464 innerfire43 the Grappler (level 9, -5/68 HPs)
             Began as a Gnoll Shapeshifter on Aug 23, 2023.
             Was a Priest of Cheibriados.
             Slain by Joseph
             ... wielding a +2 quarterstaff of speed
              (19 damage)
             ... on level 8 of the Dungeon.
             The game lasted 00:07:31 (6399 turns).

innerfire43 the Grappler (Gnoll Shapeshifter)       Turns: 6399, Time: 00:07:32

Health: -5/68      AC: 10    Str: 30    XL:     9   Next: 50%
Magic:  15/15      EV: 15    Int: 25    God:    Cheibriados [***...]
Gold:   445        SH:  0    Dex: 20    Spells: 16/16 levels left

rFire   . . .        w - +4 executioner's axe (elec)
rCold   . . .        (shield currently unavailable)
rNeg    . . .        n - +4 ring mail
rPois   .            t - melded +0 helmet
rElec   .            J - melded +2 cloak
rCorr   .            (gloves currently unavailable)
SInv    .            (boots currently unavailable)
Will    .....        (no amulet)
Stlth   ++           h - +6 ring of strength
HPRegen 0.31/turn    E - +6 ring of intelligence
MPRegen 0.14/turn

%: no passive effects
@: beast-form, very slow
A: beast (slay +4), fangs 1, strong nose, distributed training
a: Begin Untransformation, Renounce Religion, Bend Time, Temporal Distortion


You were on level 8 of the Dungeon.
You worshipped Cheibriados.
Cheibriados was most pleased with you.
You were a hulking beast.
You visited 1 branch of the dungeon, and saw 8 of its levels.
You also visited: Sewer.

You collected 445 gold pieces.

Inventory:

Hand Weapons
 u - a +0 dagger
 w - a +4 executioner's axe of electrocution (weapon)
 L - a +5 battleaxe
Missiles
 m - a throwing net
Armour
 a - a +0 animal skin
 n - a +4 ring mail (worn)
 t - a +0 helmet (melded)
 J - a +2 cloak (melded)
Jewellery
 h - a +6 ring of strength (left hand)
 E - a +6 ring of intelligence (right hand)
 K - a ring of fire
Talismans
 c - a beast talisman (active)
 d - a flux talisman
Wands
 C - a wand of iceblast (8)
 D - a wand of light (12)
 I - a wand of digging (8)
Scrolls
 f - 2 scrolls of vulnerability {unknown}
 i - 3 scrolls of enchant weapon {unknown}
 j - 4 scrolls of amnesia {unknown}
 k - 5 scrolls of teleportation {unknown}
 p - 2 scrolls of revelation {unknown}
 q - a scroll of enchant armour {unknown}
 r - 2 scrolls of fog {unknown}
 v - a scroll of butterflies {unknown}
 y - 3 scrolls of immolation {unknown}
 z - a scroll of fear {unknown}
 G - 4 scrolls of identify {unknown}
Potions
 b - a potion of lignification
 e - 3 potions of enlightenment {unknown}
 g - a potion of experience {unknown}
 l - 2 potions of brilliance {unknown}
 o - 2 potions of might {unknown}
 s - 2 potions of degeneration {unknown}
 x - 4 potions of haste {unknown}
 A - a potion of mutation {unknown}
 B - a potion of heal wounds {unknown}
 F - a potion of magic {unknown}
 H - a potion of curing {unknown}
 M - a potion of cancellation {unknown}
 N - a potion of berserk rage {unknown}
 O - a potion of attraction {unknown}


   Skills:
 + Level 5.1 Fighting
 + Level 4.4 Short Blades
 + Level 4.4 Long Blades
 + Level 4.4 Axes
 + Level 4.4 Maces & Flails
 + Level 4.4 Polearms
 + Level 4.4 Staves
 + Level 4.4 Ranged Weapons
 + Level 4.4 Throwing
 + Level 4.4 Armour
 + Level 6.4 Dodging
 + Level 4.4 Stealth
 + Level 4.4 Shields
 + Level 8.0 Unarmed Combat
 + Level 4.4 Spellcasting
 + Level 3.6 Conjurations
 + Level 3.6 Hexes
 + Level 3.6 Summonings
 + Level 3.6 Necromancy
 + Level 3.6 Translocations
 + Level 3.6 Transmutations
 + Level 3.6 Fire Magic
 + Level 3.6 Ice Magic
 + Level 3.6 Air Magic
 + Level 3.6 Earth Magic
 + Level 3.6 Poison Magic
 + Level 4.8 Invocations
 + Level 4.4 Evocations
 + Level 7.7 Shapeshifting


You had 16 spell levels left.
You didn't know any spells.
Your spell library contained the following spells:

 Spells                   Type           Power      Damage    Failure   Level
 Slow                     Hex            92%        N/A       2%          1
 Blink                    Tloc           46%        N/A       4%          2
 Lesser Beckoning         Tloc           46%        N/A       4%          2
 Momentum Strike          Conj/Tloc      46%        3d9       4%          2
 Confusing Touch          Hex            23%        N/A       9%          3
 Vampiric Draining        Necr           23%        2d7       9%          3
 Manifold Assault         Tloc           23%        N/A       28%         4


Dungeon Overview and Level Annotations

Branches:
Dungeon (8/15)             Temple (0/1) D:6           Sewer (visited)
   Lair: D:8-11

Altars:
Cheibriados
Elyvilon
Hepliaklqana
Kikubaaqudgha
Ru
Wu Jian
Xom
Zin

Annotations:
D:8 Joseph


Innate Abilities, Weirdness & Mutations

You are a hulking beast.
Your limbs bulge with bestial killing power. (Slay +4)
You have very sharp teeth.
Your uncanny sense of smell can sniff out nearby items.
Your experience applies equally to all skills.


Message History

Moving in this stuff is going to be slow.
O - a smoky white potion No target in view!
Joseph, a Mercenary comes into view.
He is wielding a +2 quarterstaff of speed.
Found a scroll of blinking.
Joseph shouts!
Joseph unwields a +2 quarterstaff of speed.
Joseph wields a +0 sling.
Joseph shoots a sling bullet.
The sling bullet hits you.
Joseph shoots a sling bullet.
The sling bullet hits you!!
Joseph shoots a sling bullet.
The sling bullet misses you.
Joseph is nearby!
Joseph is nearby!
Joseph shoots a sling bullet.
The sling bullet hits you!
Joseph shoots a sling bullet.
The sling bullet misses you.
Joseph is nearby!
Joseph unwields a +0 sling.
Joseph wields a +2 quarterstaff of speed.
Joseph closely misses you.
Joseph hits you with a +2 quarterstaff of speed!
Joseph is nearby!
You are too injured to fight recklessly!
You are too injured to fight recklessly!
Joseph is nearby!
You are too injured to fight recklessly!
You are too injured to fight recklessly!
You closely miss Joseph. You bite Joseph, but do no damage.
Joseph hits you with a +2 quarterstaff of speed!
Joseph completely misses you.
You hit Joseph.
Joseph is lightly wounded.
Joseph closely misses you. Joseph completely misses you.
Joseph hits you with a +2 quarterstaff of speed.
* * * LOW HITPOINT WARNING * * *
You slash Joseph! Your bite misses Joseph.
Joseph is lightly wounded.
Joseph hits you with a +2 quarterstaff of speed!
* * * LOW HITPOINT WARNING * * *
Joseph hits you with a +2 quarterstaff of speed!!
You die...

########################
..........#.............
..........#.............
..........#.............
..........#...###.......
......@...#...#≈####....
.......h..#...#≈≈≈##....
.≈≈≈≈.....#...###≈≈#....
....≈.....###...#≈≈#####
.≈≈≈≈?....###....≈≈.....
.................≈≈~....
..............~~..~.....
.................~~.....
................~~~.....
...##...##.###.~~~~~~#>.


You could see Joseph.

Vanquished Creatures
  A water moccasin (D:7)
  An orc warrior (D:7)
  2 ice beasts
  An ogre (D:5)
  2 centaurs
  A phantom (D:7)
  3 kobold brigands (D:7)
  A bullfrog (D:7)
  5 scorpions
  8 wights (D:7)
  A jelly (D:6)
  2 hounds
  An iron imp (D:3)
  2 orc priests
  A gnoll bouda (D:6)
  2 iguanas (D:6)
  2 sleepcaps
  Terence (D:2)
  5 orc wizards
  A hell rat (Sewer)
  Robin (D:3)
  7 gnolls (D:6)
  2 river rats (Sewer)
  3 adders
  A shadow imp (D:5)
  A white imp (D:5)
  An ufetubus (D:5)
  A worm (D:2)
  A dart slug (D:3)
  26 orcs
  5 endoplasms
  6 giant cockroaches
  19 hobgoblins
  23 kobolds
  5 quokkas
  5 ball pythons
  5 bats
  A frilled lizard (D:2)
  14 goblins
  11 rats
181 creatures vanquished.

Notes
Turn   | Place    | Note
-------+----------+-------------------------------------------
     0 | D:1      | innerfire43 the Gnoll Shapeshifter began the quest for the
                  | Orb.
     0 | D:1      | Reached XP level 1. HP: 17/17 MP: 1/1
   139 | D:1      | Reached XP level 2. HP: 21/23 MP: 2/2
   579 | D:1      | Reached XP level 3. HP: 25/28 MP: 3/3
   744 | D:2      | Reached skill level 1 in Invocations
  1030 | D:2      | Noticed Terence
  1038 | D:2      | Killed Terence
  1039 | D:2      | Reached skill level 1 in Short Blades
  1039 | D:2      | Reached skill level 1 in Long Blades
  1039 | D:2      | Reached skill level 1 in Axes
  1039 | D:2      | Reached skill level 1 in Maces & Flails
  1039 | D:2      | Reached skill level 1 in Polearms
  1039 | D:2      | Reached skill level 1 in Staves
  1039 | D:2      | Reached skill level 1 in Ranged Weapons
  1039 | D:2      | Reached skill level 1 in Throwing
  1039 | D:2      | Reached skill level 1 in Armour
  1039 | D:2      | Reached skill level 1 in Stealth
  1039 | D:2      | Reached skill level 1 in Shields
  1039 | D:2      | Reached skill level 1 in Spellcasting
  1039 | D:2      | Reached skill level 1 in Evocations
  1039 | D:2      | Reached XP level 4. HP: 10/34 MP: 5/5
  1648 | D:3      | Reached skill level 1 in Conjurations
  1648 | D:3      | Reached skill level 1 in Hexes
  1648 | D:3      | Reached skill level 1 in Summonings
  1648 | D:3      | Reached skill level 1 in Necromancy
  1648 | D:3      | Reached skill level 1 in Translocations
  1648 | D:3      | Reached skill level 1 in Transmutations
  1648 | D:3      | Reached skill level 1 in Fire Magic
  1648 | D:3      | Reached skill level 1 in Ice Magic
  1648 | D:3      | Reached skill level 1 in Air Magic
  1648 | D:3      | Reached skill level 1 in Earth Magic
  1648 | D:3      | Reached skill level 1 in Poison Magic
  1779 | D:3      | Noticed Robin
  1805 | D:3      | Reached XP level 5. HP: 35/40 MP: 5/7
  1824 | D:3      | Killed Robin
  2028 | D:3      | Found a snail-covered altar of Cheibriados.
  2041 | D:3      | Became a worshipper of Cheibriados the Contemplative
  2083 | D:3      | Found a faded altar of an unknown god.
  2252 | D:3      | Found an ornate altar of the Wu Jian Council.
  2252 | D:3      | Found a glowing silver altar of Zin.
  2452 | D:4      | Reached XP level 6. HP: 45/47 MP: 8/8
  2479 | D:4      | Reached skill level 5 in Dodging
  2749 | D:4      | Found a white marble altar of Elyvilon.
  2901 | D:4      | Found an ancient bone altar of Kikubaaqudgha.
  3006 | D:5      | Entered Level 5 of the Dungeon
  3006 | D:5      | Found a glowing drain.
  3011 | D:5      | Reached XP level 7. HP: 51/52 MP: 10/10
  3017 | D:5      | Reached * piety under Cheibriados
  3044 | Sewer    | Entered a sewer
  3132 | Sewer    | Reached skill level 7 in Unarmed Combat
  3713 | D:5      | Reached XP level 8. HP: 44/60 MP: 12/12
  3894 | D:5      | Found a hazy altar of Hepliaklqana.
  4008 | D:5      | Found a sacrificial altar of Ru.
  4081 | D:5      | Found a shimmering altar of Xom.
  4160 | D:5      | Identified a scroll of acquirement
  4160 | D:5      | Acquired a +4 executioner's axe of electrocution
  4272 | D:6      | Found a staircase to the Ecumenical Temple.
  4333 | D:6      | Reached ** piety under Cheibriados
  5365 | D:7      | Reached *** piety under Cheibriados
  5403 | D:7      | Reached XP level 9. HP: 44/66 MP: 14/14
  5752 | D:7      | Reached skill level 5 in Fighting
  5997 | D:7      | Reached skill level 8 in Unarmed Combat
  6392 | D:8      | Noticed Joseph
  6399 | D:8      | Slain by Joseph

Illustrated notes

Levels and vault maps discovered:
D:1:      lightli_arrival_maybe_door_vault, layout_rooms, kennysheep_nondescript
D:2:      layout_basic, uniq_terence
D:3:      layout_rooms, slow_altar_2, nicolae_overflow_two_pavilions,
          shapermc_ecumenical_altar_hornbeckon, guppyfry_early_lair_pool,
          uniq_robin
D:4:      layout_rooms, mainiacjoe_overflow_six_doors_small,
          mainiacjoe_overflow_alcove_4
D:5:      layout_basic, nicolae_overflow_hidden_temple,
          worldfamousw_hep_ancestral_shrine, nicolae_ru_awakened_eye,
          cheibrodos_sewer_entry_drain, nrook_mini_backslash
D:6:      layout_loops_corners, minmay_temple_entry_statues_fountains
D:7:      cheibrodos_quashed, layout_basic
D:8:      layout_gridville, amcnicky_altar_gilded, ebering_ghost_gozag,
          serial_rivers, chequers_serial_rivers_small_3,
          chequers_serial_rivers_micro_d, chequers_serial_rivers_micro_e,
          chequers_serial_rivers_small_3, chequers_serial_rivers_small_3,
          fungi_pond_lemuel, minmay_misc_feat_ornament, uniq_joseph

Skill      XL: |  1  2  3  4  5  6  7  8  9 |
---------------+----------------------------+-----
Invocations    | 1 2 3 4 |  4.8
Short Blades   | 1 2 3 4 |  4.4
Long Blades    | 1 2 3 4 |  4.4
Axes           | 1 2 3 4 |  4.4
Maces & Flails | 1 2 3 4 |  4.4
Polearms       | 1 2 3 4 |  4.4
Staves         | 1 2 3 4 |  4.4
Ranged Weapons | 1 2 3 4 |  4.4
Throwing       | 1 2 3 4 |  4.4
Armour         | 1 2 3 4 |  4.4
Stealth        | 1 2 3 4 |  4.4
Shields        | 1 2 3 4 |  4.4
Spellcasting   | 1 2 3 4 |  4.4
Evocations     | 1 2 3 4 |  4.4
Conjurations   | 1 2 3 |  3.6
Hexes          | 1 2 3 |  3.6
Summonings     | 1 2 3 |  3.6
Necromancy     | 1 2 3 |  3.6
Translocations | 1 2 3 |  3.6
Transmutations | 1 2 3 |  3.6
Fire Magic     | 1 2 3 |  3.6
Ice Magic      | 1 2 3 |  3.6
Air Magic      | 1 2 3 |  3.6
Earth Magic    | 1 2 3 |  3.6
Poison Magic   | 1 2 3 |  3.6
Fighting       | 3 4 5 |  5.1
Dodging        | 5 6 |  6.4
Unarmed Combat | 7 8 |  8.0
Shapeshifting  | 7 |  7.7

Action                     |  1- 3 |  4- 6 |  7- 9 || total
---------------------------+-------+-------+-------++-------
  Melee: Unarmed           |    94 |   179 |    73 ||   346
         Bite              |     5 |    19 |    20 ||    44
         Executioner's axe |       |       |   117 ||   117
    Use: Scroll            |       |       |     2 ||     2
   Stab: Sleeping          |       |       |     3 ||     3
 Armour: Animal skin       |    12 |       |       ||    12
         Ring mail         |       |    74 |    82 ||   156
  Dodge: Dodged            |    58 |   105 |   190 ||   353
   Form: Flux              |     1 |       |     1 ||     2
         Beast             |       |       |     2 ||     2

Table legend: (Time is in decaauts)
 A = Elapsed time spent in this place.
 B = Non-inter-level travel time spent in this place.
 C = Inter-level travel time spent in this place.
 D = Time resting spent in this place.
 E = Time spent auto-exploring this place.
 F = Levels seen in this place.
 G = Mean time per level.
                   A        B        C        D        E       F      G
               +--------+--------+--------+--------+--------+-----+--------+
         Total |   7885 |   7628 |    257 |      0 |   6397 |   9 |  876.1 |
       Dungeon |   7701 |   7444 |    257 |      0 |   6269 |   8 |  962.6 |
         Sewer |    184 |    184 |      0 |      0 |    127 |   1 |  184.0 |
               +--------+--------+--------+--------+--------+-----+--------+

Top non-repeatable levels by time:
     D:6: 1539 daAuts
     D:7: 1512 daAuts
     D:5: 1307 daAuts
     D:2: 1005 daAuts
     D:3: 804 daAuts
     D:4: 764 daAuts
     D:1: 620 daAuts
   Sewer: 184 daAuts
     D:8: 145 daAuts
